 Dungeon Crawl Stone Soup version 0.19.0-18-g426998a (webtiles) character file.

147 dysrexia the Conjurer (level 5, 0/42 HPs)
             Began as a Naga Wizard on Nov 12, 2016.
             Was an Initiate of Cheibriados.
             Slain by an orc
             ... wielding a +0 falchion
              (5 damage)
             ... on level 4 of the Dungeon.
             The game lasted 00:13:53 (3961 turns).

dysrexia the Conjurer (Naga Wizard)                 Turns: 3961, Time: 00:13:53

Health: 0/42       AC:  3    Str: 11    XL:     5   Next: 29%
Magic:  2/10       EV: 10    Int: 19    God:    Cheibriados [......]
Gold:   56         SH:  0    Dex: 11    Spells: 4 memorised, 3 levels left

rFire  . . .     SeeInvis +     s - +1 short sword (venom)
rCold  . . .     Gourm    .     a - +0 robe
rNeg   . . .     Faith    .     (no shield)
rPois  +         Spirit   .     b - +1 hat
rElec  .         Reflect  .     (no cloak)
rCorr  .         Harm     .     (no gloves)
MR     .....                    (no barding)
Stlth  ++........               (no amulet)
                                (no ring)
                                (no ring)

@: very slow
A: see invisible, deformed body, poison resistance, slowness 2, slow metabolism
1, spit poison 1, AC +1
a: Spit Poison, Bend Time, Renounce Religion


You were on level 4 of the Dungeon.
You worshipped Cheibriados.
Cheibriados was noncommittal.
You were not hungry.

You visited 2 branches of the dungeon, and saw 5 of its levels.

You collected 226 gold pieces.
You spent 170 gold pieces at shops.

Inventory:

Hand Weapons
 s - a +1 short sword of venom (weapon)
Missiles
 i - 30 poisoned needles
Armour
 a - a +0 robe (worn)
 b - a +1 hat (worn)
Wands
 e - a wand of lightning (13/15)
Scrolls
 f - a scroll of amnesia
 j - a scroll of teleportation
 l - 2 scrolls of remove curse
 n - 2 scrolls of magic mapping {unknown}
 q - a scroll of enchant weapon
 r - 2 scrolls of identify
 v - 3 scrolls of blinking
Potions
 h - a potion of heal wounds
 k - a potion of degeneration {unknown}
 o - 4 potions of curing {unknown}
 p - a potion of mutation {unknown}
 t - a potion of lignification {unknown}
 u - 2 potions of brilliance {unknown}
 w - a potion of flight {unknown}
Books
 c - a book of Minor Magic

   Spells                             Type                      Level
   a - Magic Dart                     Conjuration                  1
   b - Blink                          Translocation                2
   c - Call Imp                       Summoning                    2
   d - Repel Missiles                 Charms/Air                   2
   e - Slow                           Hexes                        2
   f - Conjure Flame                  Conjuration/Fire             3
   g - Mephitic Cloud                 Conjuration/Poison/Air       3
Comestibles
 d - 7 bread rations
 g - a meat ration
 m - a slice of pizza


   Skills:
 - Level 1.6 Dodging
 - Level 3.1 Stealth
 + Level 3.9 Spellcasting
 * Level 4.0 Conjurations
 - Level 1.0 Summonings
 - Level 1.0 Translocations


You had 3 spell levels left.
You knew the following spells:

 Your Spells              Type           Power        Failure   Level  Hunger
a - Magic Dart            Conj           ###.         2%          1    None
b - Blink                 Tloc           N/A          17%         2    ##.....
c - Call Imp              Summ           #.......     17%         2    ##.....
d - Mephitic Cloud        Conj/Pois/Air  #.......     28%         3    ###....


Dungeon Overview and Level Annotations

Branches:
Dungeon (4/15)             Temple (1/1) D:4

Altars:
Cheibriados
Elyvilon
Gozag
Hepliaklqana
Kikubaaqudgha
Makhleb
Okawaru
Qazlal
Sif Muna
Trog
Uskayaw
Vehumet
Xom
Yredelemnul
Zin
The Shining One

Shops:
D:4 ?


Innate Abilities, Weirdness & Mutations

You cannot wear boots.
Your serpentine skin is tough. (AC +1)
You have supernaturally acute eyesight. (SInv)
Armour fits poorly on your strangely shaped body.
Your system is resistant to poisons. (rPois)
You cover ground very slowly.
You have a slow metabolism.
You can spit poison.


Message History

You blink.
You kill the orc wizard!
Cheibriados thoroughly appreciates the change of pace.
Your Conjurations skill increases to level 4!
Casting: Blink
Confirm with . or Enter, or press ? or * to list all spells.
You blink.
The orc hits you with a falchion.
* * * LOW HITPOINT WARNING * * *
The orc priest hits you with a hand axe.
* * * LOW HITPOINT WARNING * * *
Casting: Blink
Confirm with . or Enter, or press ? or * to list all spells.
Okay, then.
You hit the orc priest.
The orc priest is lightly wounded.
The orc hits you but does no damage. The orc priest barely misses you.
You closely miss the orc priest.
The orc priest is lightly wounded.
The orc hits you with a falchion.
You die...

###### #### #... #.##
#.# #.# #.#
###################.#
#...o@oo............#
....###################
#


You could see an orc priest, an orc wizard (invisible) and an orc.

Vanquished Creatures
  An orc priest (D:4)
  An orc wizard (D:4)
  An ooze (D:4)
  4 dart slugs
  2 leopard geckos
  4 orcs
  A ball python (D:1)
  4 bats
  4 giant cockroaches
  8 goblins
  5 hobgoblins
  6 kobolds
  2 frilled lizards
  5 rats
48 creatures vanquished.

Vanquished Creatures (collateral kills)
  An adder (D:2)
  2 worms
  2 orcs (D:4)
  2 giant cockroaches (D:2)
  A hobgoblin (D:2)
  A frilled lizard (D:2)
9 creatures vanquished.

Grand Total: 57 creatures vanquished

Notes
Turn   | Place    | Note
-------+----------+-------------------------------------------
     0 | D:1      | dysrexia the Naga Wizard began the quest for the Orb.
     0 | D:1      | Reached XP level 1. HP: 15/15 MP: 4/4
   332 | D:1      | Reached XP level 2. HP: 14/22 MP: 0/6
  1242 | D:1      | Reached skill level 2 in Conjurations
  1250 | D:1      | Reached XP level 3. HP: 18/28 MP: 1/7
  1447 | D:2      | Learned a level 2 spell: Blink
  1450 | D:2      | Learned a level 2 spell: Call Imp
  1454 | D:2      | Learned a level 3 spell: Mephitic Cloud
  2150 | D:2      | Reached XP level 4. HP: 36/36 MP: 7/9
  2195 | D:2      | Reached skill level 3 in Conjurations
  3374 | D:4      | Found Ticeq's Magic Scroll Boutique.
  3408 | D:4      | Bought a scroll of blinking for 75 gold pieces
  3408 | D:4      | Bought a scroll of identify for 20 gold pieces
  3408 | D:4      | Bought a scroll of blinking for 75 gold pieces
  3552 | D:4      | Found a staircase to the Ecumenical Temple.
  3556 | Temple   | Entered the Ecumenical Temple
  3626 | Temple   | Became a worshipper of Cheibriados the Contemplative
  3664 | D:4      | Noticed an ogre
  3753 | D:4      | Reached XP level 5. HP: 31/42 MP: 2/10
  3958 | D:4      | Reached skill level 4 in Conjurations
  3961 | D:4      | Slain by an orc

Skill      XL: |  1  2  3  4  5 |
---------------+----------------+-----
Conjurations   | 2 3 4 |  4.0
Dodging        | |  1.6
Stealth        | |  3.1
Spellcasting   | |  3.9
Summonings     | |  1.0
Translocations | |  1.0

Action                   |  1- 3 |  4- 6 || total
-------------------------+-------+-------++-------
Melee: Unarmed           |    47 |       ||    47
       Short sword       |       |    17 ||    17
 Cast: Magic Dart        |    84 |    41 ||   125
       Call Imp          |     4 |     6 ||    10
       Blink             |     2 |     2 ||     4
 Abil: Spit Poison       |     1 |       ||     1
  Use: Scroll            |     2 |     7 ||     9
 Stab: Distracted        |       |     1 ||     1
  Eat: Chunk             |     3 |     2 ||     5
       Fruit             |       |     4 ||     4
Armor: Robe              |    20 |    10 ||    30
Dodge: Dodged            |    52 |    12 ||    64
